 Dungeon Crawl Stone Soup version 0.17.2-1-ge4368a0 (webtiles) character file.

2058 Grimoiregrey the Basher (level 9, 76/78 HPs)
             Began as a Minotaur Fighter on Jan 20, 2018.
             Was a Follower of Okawaru.
             Starved to death
             ... on level 7 of the Dungeon.
             The game lasted 01:04:40 (6343 turns).

Grimoiregrey the Basher (Minotaur Fighter)          Turns: 6343, Time: 01:04:40

Health: 76/78      AC: 20    Str: 25    XL:     9   Next: 5%
Magic:  8/8        EV:  2    Int:  6    God:    Okawaru [*.....]
Gold:   172        SH: 15    Dex: 13    Spells: 0 memorised, 8 levels left

rFire  . . .     SeeInvis .     H - +2 flail (protect)
rCold  . . .     Clarity  .     a - +2 plate armour
rNeg   . . .     SustAt   .     I - +0 large shield
rPois  +         Gourm    .     (helmet restricted)
rElec  .         Spirit   .     (no cloak)
rCorr  .         Warding  .     q - +0 pair of gloves
rMut   .         Stasis   .     (no boots)
MR     .....                    n - amulet of regeneration
Stlth  ..........               z - ring of poison resistance
                                L - +5 ring of strength

@: fainting, not resistant to hostile enchantments, extremely unstealthy
A: retaliatory headbutt, horns 2
a: Heroism, Renounce Religion


You were on level 7 of the Dungeon.
You worshipped Okawaru.
Okawaru was aware of your devotion.
You were fainting.

You visited 2 branches of the dungeon, and saw 9 of its levels.

You collected 293 gold pieces.
You spent 121 gold pieces at shops.

Inventory:

Hand Weapons
 o - a +0 whip of flaming
 H - a +2 flail of protection (weapon)
Armour
 a - a +2 plate armour (worn)
 q - a +0 pair of gloves (worn)
 I - a +0 large shield (worn)
Jewellery
 n - an amulet of regeneration (around neck)
 z - a ring of poison resistance (right hand)
 L - a +5 ring of strength (left hand)
Wands
 J - a wand of slowing (26)
Scrolls
 h - 3 scrolls of amnesia
 j - 2 scrolls of teleportation
 k - a scroll of noise
 l - 2 scrolls of fog
 m - a scroll of recharging
 s - a scroll of fear
 u - 2 scrolls of blinking
 v - 3 scrolls of remove curse
 x - 2 scrolls of immolation
Potions
 b - 2 potions of agility {unknown}
 c - a potion of ambrosia {unknown}
 d - a potion of flight {unknown}
 f - 5 potions of curing
 g - a potion of cure mutation {unknown}
 p - 2 potions of degeneration
 r - 2 potions of berserk rage {unknown}
 t - a potion of resistance {unknown}
 D - 2 potions of mutation {unknown}
 F - 2 potions of lignification {unknown}
 G - a potion of heal wounds
Comestibles
 e - 5 bread rations
 i - 4 meat rations
 K - a slice of pizza


   Skills:
 * Level 6.4 Fighting
 + Level 12.2 Maces & Flails
 + Level 5.8 Armour
 - Level 3.6 Shields


You had 8 spell levels left.
You didn't know any spells.

Dungeon Overview and Level Annotations

Branches:
Dungeon (8/15)             Temple (1/1) D:7
   Lair: D:8-11

Altars:
Ashenzari
Dithmenos
Elyvilon
Gozag
Kikubaaqudgha
Makhleb
Nemelex Xobeh
Okawaru
Qazlal
Ru
Trog
Vehumet
Xom
Yredelemnul
Zin
The Shining One
Jiyva

Shops:
D:5 [*=   D:6 !


Innate Abilities, Weirdness & Mutations

You reflexively headbutt those who attack you in melee.
You have a pair of horns on your head.


Message History

Your shield and plate armour prevent you from hitting the giant frog.
Your headbutt misses the giant frog.
The giant frog is moderately wounded.
The giant frog hits you.
The giant frog hits you but does no damage.
You sock the giant frog!
The giant frog is almost dead.
The giant frog hits you but does no damage.
You block the giant frog's attack.
You closely miss the giant frog. Your headbutt misses the giant frog.
The giant frog is almost dead.
You block the giant frog's attack.
You sock the giant frog!
You kill the giant frog!
Okawaru accepts your kill.
There is a stone staircase leading up here.
You climb upwards.
There is a stone staircase leading down here.
You have starved to death.
You die...

#.# ###.# #.# .. ..#.# #.####.#
#.#.# ####.#...# #.##### #.#.#
##.......# ##..>.# #.#.#######
.....#...###.###.###.#.......#
#.........#.............####.#
.........#.####.........####.##
#.######.# # #.@##...........#
#.# .# #.........####..# #.# .#
#.####....# #..# #.# ..
...###.[..# #..# #.# ...
...........# #..#
.........#####..# #..# .#...###
#..# ##..###
#.......#######..###.....#
.......<..............#.#


There were no monsters in sight!

Vanquished Creatures
  The ghost of Alipheese the Chiller, a novice NaIE of Kikubaaqudgha (D:5)
  A hippogriff (D:7)
  A water moccasin (D:6)
  3 sky beasts
  An ogre (D:5)
  2 phantoms (D:7)
  A centaur (D:5)
  A giant frog (D:8)
  A scorpion (D:4)
  3 jellies
  4 crimson imps
  2 hounds
  An orc priest (D:7)
  A centaur skeleton (D:5)
  5 worker ants
  An orc wizard (D:6)
  A hound skeleton (D:5)
  Robin (D:3)
  5 adders
  8 gnolls
  2 shadow imps
  5 oozes
  2 adder skeletons
  2 adder zombies
  2 worms
  4 giant geckos
  9 orcs
  12 hobgoblins
  12 jackals
  7 quokkas
  3 ball pythons
  8 bats
  4 giant cockroaches
  A giant gecko skeleton (D:4)
  8 giant newts
  19 goblins
  9 kobolds
  9 rats
162 creatures vanquished.

Notes
Turn   | Place    | Note
--------------------------------------------------------------
     0 | D:1      | Grimoiregrey the Minotaur Fighter began the quest for the Orb.
     0 | D:1      | Reached XP level 1. HP: 19/19 MP: 0/0
   150 | D:1      | Reached XP level 2. HP: 26/26 MP: 1/1
   371 | D:1      | Reached skill level 4 in Maces & Flails
   532 | D:1      | Reached XP level 3. HP: 26/31 MP: 2/2
  1169 | D:2      | Reached skill level 5 in Maces & Flails
  1633 | D:3      | Reached XP level 4. HP: 39/39 MP: 3/3
  1708 | D:3      | Found a white marble altar of Elyvilon.
  1862 | D:3      | Reached skill level 6 in Maces & Flails
  1936 | D:3      | Noticed Robin
  1972 | D:3      | Killed Robin
  1972 | D:3      | Reached XP level 5. HP: 38/45 MP: 4/4
  2545 | D:4      | Reached skill level 7 in Maces & Flails
  2604 | D:5      | Entered Level 5 of the Dungeon
  2604 | D:5      | Found a viscous altar of Jiyva.
  2604 | D:5      | Noticed Alipheese's ghost (novice NaIE)
  2780 | D:4      | Reached XP level 6. HP: 46/51 MP: 5/5
  2829 | D:4      | Noticed a sky beast
  2836 | D:4      | Reached skill level 8 in Maces & Flails
  2865 | D:4      | Killed a sky beast
  3038 | D:4      | Reached skill level 9 in Maces & Flails
  3319 | D:5      | Noticed a centaur
  3334 | D:5      | Killed a centaur
  3334 | D:5      | Reached XP level 7. HP: 39/57 MP: 6/6
  3530 | D:5      | Killed Alipheese's ghost
  3530 | D:5      | Reached skill level 10 in Maces & Flails
  3620 | D:5      | Found Weexzuq's Jewellery Shoppe.
  3852 | D:5      | Found Xexkev's Armour Boutique.
  3868 | D:5      | Reached skill level 11 in Maces & Flails
  3868 | D:5      | Reached XP level 8. HP: 55/64 MP: 7/7
  4149 | D:5      | Found Uxovos's Assorted Antiques.
  4169 | D:5      | Bought a club for 22 gold pieces
  4608 | D:6      | Found Utoskaj's Distillery.
  4671 | D:6      | Bought a potion of curing for 33 gold pieces
  4671 | D:6      | Bought a potion of heal wounds for 55 gold pieces
  4671 | D:6      | Bought a potion of degeneration for 11 gold pieces
  5564 | D:7      | Found a staircase to the Ecumenical Temple.
  5623 | Temple   | Entered the Ecumenical Temple
  5721 | Temple   | Became a worshipper of Warmaster Okawaru
  5858 | D:7      | Reached skill level 5 in Fighting
  5901 | D:7      | Found an opulent altar of Gozag.
  5935 | D:7      | Reached skill level 5 in Armour
  6031 | D:7      | Reached skill level 12 in Maces & Flails
  6069 | D:7      | Reached * piety under Okawaru
  6086 | D:7      | Found a sacrificial altar of Ru.
  6175 | D:7      | Found a shadowy altar of Dithmenos.
  6243 | D:7      | Reached XP level 9. HP: 75/75 MP: 8/8
  6343 | D:7      | Starved to death

Action                   |  1- 3 |  4- 6 |  7- 9 || total
-------------------------+-------+-------+-------++-------
Melee: Flail             |   122 |   138 |   128 ||   388
       Whip              |       |    44 |   134 ||   178
  Use: Scroll            |     1 |     9 |     7 ||    17
       Potion            |       |       |     2 ||     2
  Eat: Chunk             |       |     3 |     4 ||     7
       Meat ration       |       |     1 |     1 ||     2
